AoeStats
← CFn-Ez

Black Forest

506080579Analyzed
4v4 RM · 21d ago on Sep 12, 2026· 38m 12s· 8 players
Game mode
Random Map
Map size
Large (8 player)
Population
200
Speed
Normal
Resources
Standard
Victory
Conquest
Starting age
Dark Age
Ending age
Imperial Age
RankedLock teamsTeams togetherTeam positionsShared explorationLock speedFull tech treeHidden civsTurbo modeCheats
Victory
Defeat
🇨🇳 Mongols · China
1493
+14
🇭🇰 Hindustanis · Hong Kong SAR China
1448
+16
🇨🇳 Britons · China
1438
+16
🇨🇳 Franks · China
1332
+31
🇵🇰 Slavs · Pakistan
1462
-17
🇮🇳 Magyars · India
1439
-17
🇫🇷 Britons · France
1427
-16
🇮🇳 Khmer · India
1421
-16
咚哩个咚
11:19 Feudal Age
12:25 Double-Bit Axe
12:44 Fletching
13:58 Gold Mining
15:54 Horse Collar
20:28 Castle Age
20:40 Wheelbarrow
19:57 Fishing Lines
21:22 Bow Saw
21:10 Bodkin Arrow
21:29 Crossbowman
25:24 Gillnets
25:34 Stone Mining
26:40 Heavy Plow
27:13 Ballistics
28:20 Hand Cart
29:33 Gold Shaft Mining
32:12 Imperial Age
30:11 Padded Archer Armor
30:12 Town Watch
32:34 Leather Archer Armor
33:19 Coinage
33:58 Chemistry
33:02 Bracer
32:25 Arbalester
34:32 Banking
35:14 Two-Man Saw
35:06 Ring Archer Armor
34:23 Arrowslits
34:29 Guard Tower
35:41 Conscription
35:33 Warwolf
37:32 Guilds
38:14 Scale Mail Armor
38:26 Forging
CFn-Ez
5:28 Loom
11:42 Feudal Age
12:36 Double-Bit Axe
17:17 Fletching
22:22 Castle Age
21:26 Gold Mining
24:17 Fishing Lines
25:10 Bodkin Arrow
27:30 Bow Saw
28:42 Wheelbarrow
30:20 Gold Shaft Mining
29:55 Caravan
30:31 Hand Cart
36:18 Imperial Age
35:08 Scale Barding Armor
35:14 Forging
36:15 Chain Barding Armor
36:53 Husbandry
37:31 Iron Casting
36:32 Cavalier
38:34 Plate Barding Armor
38:05 Paladin
菜菜5号
11:00 Feudal Age
12:15 Double-Bit Axe
14:51 Castle Age
13:27 Fishing Lines
15:52 Bow Saw
18:00 Wheelbarrow
20:03 Horse Collar
21:52 Hand Cart
22:55 Gold Mining
23:59 Gillnets
25:10 Gold Shaft Mining
25:06 Heavy Plow
25:56 Stone Mining
29:25 Imperial Age
27:37 Fletching
27:54 Caravan
28:11 Loom
28:13 Town Watch
28:36 Bodkin Arrow
28:42 Padded Archer Armor
29:12 Ballistics
29:03 Husbandry
29:24 Husbandry
29:58 Nomads
29:28 Onager
30:13 Bracer
31:16 Chemistry
31:05 Leather Archer Armor
31:13 Conscription
31:17 Drill
32:18 Siege Onager
34:29 Scale Barding Armor
34:18 Elite Mangudai
KITCHIUYEAH
0:41 Loom
11:25 Feudal Age
12:33 Double-Bit Axe
15:21 Castle Age
13:34 Horse Collar
16:27 Bow Saw
19:36 Wheelbarrow
19:45 Gold Mining
27:52 Imperial Age
26:30 Gold Shaft Mining
25:46 Stone Mining
26:28 Hand Cart
26:48 Scale Barding Armor
27:28 Bloodlines
27:21 Husbandry
28:01 Grand Trunk Road
27:58 Heavy Camel Rider
29:11 Chain Barding Armor
30:10 Forging
29:45 Imperial Camel Rider
30:52 Heavy Plow
31:52 Two-Man Saw
31:35 Plate Barding Armor
31:07 Town Watch
32:58 Iron Casting
34:17 Caravan
35:35 Blast Furnace
35:35 Coinage
35:44 Fletching
36:05 Masonry
37:35 Siege Engineers
37:28 Bodkin Arrow
arsenalchelsea2
6:12 Loom
8:59 Feudal Age
9:35 Double-Bit Axe
10:06 Horse Collar
19:01 Castle Age
20:07 Bow Saw
19:42 Fishing Lines
21:39 Stone Mining
21:44 Gold Mining
23:39 Wheelbarrow
23:36 Gillnets
28:50 Heavy Plow
32:28 Imperial Age
31:16 Bloodlines
31:09 Husbandry
31:41 Hand Cart
32:06 Town Watch
32:45 Ballistics
34:42 Chemistry
33:48 Siege Engineers
33:48 Double Crossbow
34:41 Conscription
34:41 Elite Ballista Elephant
37:59 Light Cavalry
XxBuzzXx
1:47 Loom
14:14 Feudal Age
19:55 Castle Age
18:29 Double-Bit Axe
19:40 Fishing Lines
20:50 Gillnets
23:17 Horse Collar
24:17 Heavy Plow
26:04 Bow Saw
31:33 Imperial Age
29:22 Fletching
29:36 Corvinian Army
29:33 Gold Mining
30:13 Masonry
30:25 Ballistics
30:49 Bodkin Arrow
31:07 Padded Archer Armor
32:15 Bloodlines
32:42 Bracer
Horizon
Aei
0:38 Loom
0:44 Loom
9:48 Feudal Age
11:14 Double-Bit Axe
13:18 Fletching
17:43 Gold Mining
17:44 Stone Mining
19:35 Horse Collar
22:40 Castle Age
21:28 Padded Archer Armor
23:58 Bow Saw
23:47 Bodkin Arrow
23:29 Crossbowman
25:43 Gold Shaft Mining
27:14 Wheelbarrow
27:04 Leather Archer Armor
31:51 Hand Cart
32:34 Ballistics
37:02 Imperial Age
35:58 Fortified Wall
37:21 Arbalester
Connection lost

Rejoining the realm…

Still unreachable

The connection could not be restored.

Session expired

The server has moved on; the page needs a fresh start.